 Dungeon Crawl Stone Soup version 0.22-a0-348-gd16d139 (webtiles) character file.

255130 mortelune the Devastator (level 19, -3/170 HPs)
             Began as a Pale Draconian Fire Elementalist on Apr 9, 2018.
             Was a High Priest of Sif Muna.
             Killed from afar by a deep elf high priest (37 damage)
             ... with damnation
             ... on level 3 of the Elven Halls.
             The game lasted 04:10:40 (82637 turns).

mortelune the Devastator (DrFE)                    Turns: 82637, Time: 04:10:41

Health: -3/170     AC: 19    Str:  8    XL:     19   Next: 42%
Magic:  2/47       EV: 19    Int: 21    God:    Sif Muna [*****.]
Gold:   260        SH:  8    Dex: 13    Spells: 1/49 levels left

rFire    + . .     SeeInvis +   x - +6 long sword "Glorpo" {flame, rElec rN+ MP+9}
rCold    . . .     Gourm    .   l - +0 buckler {AC+3}
rNeg     + . .     Faith    .   (armour unavailable)
rPois    +         Spirit   .   (helmet restricted)
rElec    +         Reflect  +   K - +2 cloak {MR+}
rCorr    .         Harm     .   M - +2 pair of gloves of the World {*Contam rElec rPois Str-4}
MR       ++...                  (no boots)
Stlth    ++........             o - amulet "Hico" {Reflect rC+ SH+3 SInv}
HPRegen  0.38/turn              H - ring of fire
MPRegen  0.30/turn              p - +3 ring of evasion

@: about to teleport, studying 2 skills, divine energy
A: breathe steam, unfitting armour, cold-blooded, AC +10
}: 1/15 runes: barnacled
a: Breathe Steam, Stop Divine Energy, Channel Magic, Forget Spell, Renounce
Religion


You were on level 3 of the Elven Halls.
You worshipped Sif Muna.
Sif Muna was extremely pleased with you.
You were not hungry.

You visited 6 branches of the dungeon, and saw 34 of its levels.
You also visited: Ossuary.

You collected 3180 gold pieces.
You spent 2920 gold pieces at shops.

Inventory:

Hand Weapons
 n - the +6 scimitar "Kothril" {flame, rElec Int+2}
   (You bought it in a shop on level 13 of the Dungeon)

   It has been specially enchanted to burn those struck by it, causing extra
   injury to most foes and up to half again as much damage against particularly
   susceptible opponents.
   Big, fiery blades are also staple armaments of hydra-hunters.
   It affects your intelligence (+2).
   It insulates you from electricity.
 x - the +6 long sword "Glorpo" (weapon) {flame, rElec rN+ MP+9}
   (You took it off a merfolk on level 3 of the Shoals)

   It has been specially enchanted to burn those struck by it, causing extra
   injury to most foes and up to half again as much damage against particularly
   susceptible opponents.
   Big, fiery blades are also staple armaments of hydra-hunters.
   It insulates you from electricity.
   It protects you from negative energy.
   It affects your magic capacity (+9).
Armour
 l - a +0 buckler of protection (worn)
 K - a +2 cloak of magic resistance (worn)
 M - the +2 pair of gloves of the World (worn) {*Contam rElec rPois Str-4}
   (You acquired it on level 1 of the Snake Pit)

   It affects your strength (-4).
   It insulates you from electricity.
   It protects you from poison.
   It causes magical contamination when unequipped.
Jewellery
 o - the amulet "Hico" (around neck) {Reflect rC+ SH+3 SInv}
   (You found it on level 4 of the Shoals)

   [amulet of reflection]

   It shields you and reflects attacks.
   It protects you from cold.
   It lets you see invisible.
   It affects your SH (+3).
 p - a +3 ring of evasion (right hand)
 q - the amulet of the Harvest {+Rage MR+ Dex+3}
   (You bought it in a shop on level 2 of the Orcish Mines)

   [amulet of rage]

   It affects your dexterity (+3).
   It affects your resistance to hostile enchantments.
   It lets you go berserk.
 C - a +4 ring of protection
 E - an uncursed ring of protection from cold
 H - a ring of fire (left hand)
 O - an uncursed ring of see invisible
 V - an uncursed ring of flight
Wands
 f - a wand of enslavement (41)
 j - a wand of polymorph (11)
 s - a wand of paralysis (30)
 G - a wand of acid (14)
 J - a wand of iceblast (9)
 Y - a wand of digging (29)
Scrolls
 a - 2 scrolls of holy word
 e - 8 scrolls of remove curse
 i - 3 scrolls of teleportation
 k - 13 scrolls of fog
 m - a scroll of torment {unknown}
 y - a scroll of fear
 I - 7 scrolls of amnesia
 L - 4 scrolls of magic mapping
 Q - a scroll of enchant weapon
 R - 3 scrolls of enchant armour
 S - a scroll of brand weapon
 U - 5 scrolls of identify
 W - a scroll of summoning
 X - a scroll of immolation
Potions
 c - 3 potions of resistance
 d - 3 potions of might
 g - 3 potions of invisibility
 h - 12 potions of curing
 r - 4 potions of degeneration
 t - 3 potions of mutation
 u - 5 potions of brilliance
 v - 3 potions of ambrosia
 w - 5 potions of flight
 B - 2 potions of cancellation
 D - a potion of heal wounds
 F - 5 potions of haste
 T - 3 potions of agility
 Z - a potion of berserk rage
Books
 z - a manual of Spellcasting
 P - a manual of Axes
Comestibles
 b - 13 rations


   Skills:
 + Level 15.0 Fighting
 + Level 8.5 Long Blades
   Level 3.0 Staves
 + Level 7.5 Dodging
 - Level 1.7 Stealth
 - Level 4.2 Shields
 + Level 15.8 Spellcasting
 + Level 16.4 Conjurations
 - Level 3.0 Translocations
 - Level 14.1 Fire Magic
 + Level 16.0 Air Magic


You had one spell level left.
You knew the following spells:

 Your Spells              Type           Power        Failure   Level  Hunger
a - Flame Tongue          Conj/Fire      #####        0%          1    None
b - Freezing Cloud        Conj/Ice/Air   ######....   6%          6    #####..
c - Conjure Flame         Conj/Fire      #######.     1%          3    None
d - Sticky Flame          Conj/Fire      #######.     1%          4    None
e - Fireball              Conj/Fire      #######...   1%          5    ###....
f - Throw Icicle          Conj/Ice       ######..     1%          4    None
g - Blink                 Tloc           N/A          1%          2    None
q - Orb of Destruction    Conj           ######....   3%          7    ######.
s - Bolt of Fire          Conj/Fire      #######...   1%          6    #####..
x - Conjure Ball Lightni  Conj/Air       ######....   1%          6    #####..
z - Summon Lightning Spi  Summ/Air       ######..     1%          4    None


Dungeon Overview and Level Annotations

Branches:
Dungeon (15/15)            Temple (0/1) D:7            Lair (6/6) D:10
 Shoals (4/4) Lair:3        Snake (4/4) Lair:4        Slime (0/5) Lair:5
    Orc (2/2) D:11            Elf (3/3) Orc:2        Vaults (0/5) D:14
 Depths (0/5) D:15

Altars:
Cheibriados
Elyvilon
Gozag
Hepliaklqana
Makhleb
Nemelex Xobeh
Okawaru
Qazlal
Sif Muna
Uskayaw
Vehumet
The Shining One

Shops:
D:12 [(   D:13 (   D:15 *   Orc:2 [=?   Elf:1 %}   Shoals:1 [

Annotations:
D:3 Grinder
D:13 xccam's ghost, journeyman GnWn
Elf:2 3 runed doors, exclusion: 3 doors


Innate Abilities, Weirdness & Mutations

You can breathe blasts of scalding, opaque steam.
Your pale cyan-grey scales are hard. (AC +10)
You cannot fit into any form of body armour.
You are cold-blooded and may be slowed by cold attacks.


Message History

Casting: Fireball (safe; 1% risk of failure)
Confirm with . or Enter, or press ? or * to list all spells.
Aiming: Throw Icicle (safe; 1% risk of failure)
Press: ? - help, Shift-Dir - straight line, f - deep elf blademaster
Aim: a deep elf blademaster, wielding two rapiers and wearing a leather armour (almost dead)
The shard of ice misses the deep elf blademaster.
The deep elf blademaster hits you with a rapier.
* * * LOW HITPOINT WARNING * * *
The deep elf blademaster hits you but does no damage.
The deep elf blademaster hits you with a rapier.
* * * LOW HITPOINT WARNING * * *
The deep elf blademaster hits you with a rapier!
* * * LOW HITPOINT WARNING * * *
As you read the scroll of teleportation, it crumbles to dust.
You feel strangely unstable.
The deep elf mage seems less brilliant.
The deep elf mage is empowered by the deep elf high priest's aura!
You block the deep elf blademaster's attack. x2
The deep elf high priest mumbles some strange prayers to its god against you.
The sphere of damnation explodes!
The damnation engulfs you!
You die...

......### #########
........# #.......#
........# #.......#
........#####.......#
).......'...'...8...#
..^.....#####....)..#
........# #.......#
........# #.......#
......### ####@####
#...##'## #.#
#######.## #e#
##.#######'# ###
##.##...e.## ##.##
##'.......## ##...##
##....e....##
#.....###...........#
...P...##...........#


You could see a deep elf blademaster and a deep elf high priest.

Vanquished Creatures
  Vashnia (Snake:3)
  Saint Roka (Snake:2)
  Polyphemus (Shoals:2)
  6 krakens
  Agnes (Snake:2)
  A tengu reaver (D:15)
  Donald (Shoals:2)
  Ilsuiw (Shoals:3)
  6 nagarajas
  A deep elf sorcerer (Elf:3)
  2 orc warlords (Orc:1)
  A stone giant (Shoals:1)
  An entropy weaver (shapeshifter) (D:14)
  A deep elf demonologist (Elf:3)
  A dire elephant (D:15)
  2 deep elf annihilators (Elf:1)
  Azrael (Orc:1)
  10 merfolk javelineers
  An ettin (D:15)
  A deep elf death mage (Elf:2)
  Fannar (Lair:3)
  10 merfolk impalers
  A rakshasa (D:11)
  A deep elf high priest (Elf:1)
  5 vault guards (D:14)
  The ghost of Tungsten the Slicer, a journeyman GnWn of Kikubaaqudgha (Lair:1)
  Erolcha (D:11)
  8 naga warriors
  7 hydras
  2 merfolk avatars (Shoals:4)
  5 anacondas
  10 two-headed ogres
  3 alligator snapping turtles
  4 catoblepae
  An ogre mage (D:15)
  3 centaur warriors
  12 dancing weapons
  3 satyrs (Shoals:4)
  4 merfolk aquamancers
  10 death yaks
  A deep troll shaman (Lair:6)
  A tengu warrior (D:14)
  4 orc high priests
  7 naga sharpshooters
  6 shock serpents
  The ghost of Amnesiac the Thrower, a journeyman VSGl of Okawaru (D:10)
  6 deep elf knights
  Sonja (Orc:2)
  A salamander mystic (Snake:4)
  11 sea snakes
  3 naga ritualists
  5 deep elf archers
  Pikel (D:6)
  3 lindwurms (Snake:4)
  7 orc knights
  37 deep elf magi
  9 harpies (Shoals:3)
  A glowing shapeshifter (D:15)
  7 mana vipers
  8 salamanders
  8 ugly things
  11 fauns
  6 orc sorcerers
  15 cyclopes
  15 manticores
  Maurice (D:9)
  An oklob plant (Lair:2)
  9 merfolk sirens
  8 elephants
  5 guardian serpents
  9 naga magi
  22 black mambas
  7 water nymphs
  13 spiny frogs
  A torpor snail (Lair:5)
  2 gargoyles
  2 kobold demonologists (D:14)
  5 komodo dragons
  A rime drake (Lair:2)
  An efreet (D:15)
  3 trolls
  A harpy zombie (D:14)
  5 wind drakes
  3 polar bears
  40 merfolk
  9 slime creatures
  29 blink frogs
  13 dream sheep
  5 snapping turtles
  14 hippogriffs
  3 air elementals
  A shadow (D:14)
  4 wyverns
  15 water elementals
  3 vampires
  4 fire elementals
  61 yaks
  2 basilisks
  4 wraiths
  2 hungry ghosts
  A human (D:10)
  4 wargs (Orc:1)
  38 nagas
  3 acid dragons
  9 porcupines
  9 water moccasins
  3 hell hounds
  3 sky beasts
  5 ice beasts
  3 necrophages
  38 orc warriors
  A black bear (Lair:3)
  3 phantoms (D:11)
  2 eyes of draining
  A slave (D:5)
  13 ogres
  10 wolves
  11 centaurs
  3 boggarts (D:14)
  8 crocodiles
  8 big kobolds
  19 bullfrogs
  2 earth elementals (Elf:1)
  3 scorpions
  A troll zombie (D:11)
  9 killer bees
  An electric eel (Lair:2)
  14 wights
  5 howler monkeys
  3 crimson imps
  4 centaur zombies
  2 bullfrog zombies
  3 hounds
  A quasit (D:10)
  32 orc priests
  Crazy Yiuf (D:2)
  2 jellies
  20 orc wizards
  2 human zombies (Ossuary)
  3 bullfrog skeletons
  A gnoll shaman (Orc:1)
  5 centaur skeletons
  Ijyb (D:3)
  Jessica (D:3)
  2 iguanas
  Natasha (thrice) (D:3)
  15 worker ants
  A killer bee zombie (D:6)
  A big kobold zombie (Ossuary)
  5 ogre zombies (D:11)
  A hound zombie (D:7)
  A hound skeleton (D:7)
  A howler monkey zombie (D:10)
  A mummy (Ossuary)
  Robin (D:2)
  A worker ant zombie (D:7)
  9 gnolls
  7 adders
  A howler monkey skeleton (D:10)
  7 shadow imps
  An adder skeleton (D:8)
  2 adder zombies
  2 worms (D:3)
  2 dart slugs (D:1)
  5 leopard geckos
  63 orcs
  22 bats
  9 giant cockroaches
  5 goblins
  14 hobgoblins
  10 jackals
  21 kobolds
  A quokka (D:3)
  6 frilled lizards
  3 goblin zombies
  A hobgoblin skeleton (D:11)
  17 hobgoblin zombies
  11 kobold zombies (Ossuary)
  A leopard gecko skeleton (D:7)
  An orc skeleton (D:11)
  15 orc zombies
  11 rats
  A rat zombie (Ossuary)
  3 bushes (Lair:2)
  2 fungi
  4 plants
  24 tentacles
1241 creatures vanquished.

Vanquished Creatures (collateral kills)
  Nikola (Shoals:1)
  The ghost of Anon1729 the Arsonist, an adept DsFE of Ashenzari (Shoals:4)
  A nagaraja (Snake:4)
  Aizul (Snake:2)
  2 merfolk javelineers
  2 vault guards
  A catoblepas (D:15)
  A naga warrior (Snake:4)
  A two-headed ogre (D:15)
  An alligator snapping turtle (Shoals:4)
  Erica (Orc:1)
  A tengu warrior (D:15)
  2 naga sharpshooters (Snake:4)
  2 orc high priests (Orc:2)
  2 salamander mystics (Snake:4)
  3 deep elf knights
  3 sea snakes
  A harpy (Shoals:3)
  A deep elf archer (Elf:1)
  An orc knight (Orc:2)
  3 deep elf magi
  An ugly thing (D:14)
  A wolf spider (D:15)
  5 salamanders
  A manticore (Shoals:4)
  A guardian serpent (Snake:4)
  6 black mambas
  11 naga magi
  A komodo dragon (D:15)
  4 merfolk (Shoals:4)
  A troll (Orc:1)
  2 snapping turtles
  A water elemental (Elf:1)
  A fire elemental (Elf:1)
  2 yaks (D:14)
  9 nagas
  A warg (Orc:1)
  8 orc warriors
  An ogre (D:14)
  A boggart (D:14)
  A bullfrog (D:15)
  A wight (D:15)
  A quasit (D:15)
  5 orc priests
  8 orcs
  A kobold (D:14)
107 creatures vanquished.

Vanquished Creatures (others)
  48 ball lightnings
  A deep elf mage (Elf:1)
  A naga mage (Snake:4)
  A crocodile (Lair:5)
  Blork the orc (D:6)
  An orc (Orc:1)
  A quokka (D:6)
  24 fungi
  40 plants
  112 tentacles
230 creatures vanquished.

Grand Total: 1578 creatures vanquished

Notes
Turn   | Place    | Note
-------+----------+-------------------------------------------
     0 | D:1      | mortelune the Draconian Fire Elementalist began the quest for the Orb.
     0 | D:1      | Reached XP level 1. HP: 14/14 MP: 3/3
   121 | D:1      | Reached XP level 2. HP: 20/20 MP: 0/5
   125 | D:1      | Learned a level 2 spell: Throw Flame
   976 | D:1      | Reached XP level 3. HP: 26/26 MP: 3/6
  1628 | D:2      | Learned a level 3 spell: Conjure Flame
  2050 | D:2      | Found a runed door.
  2214 | D:2      | Found an iron altar of Okawaru.
  2329 | D:2      | Reached XP level 4. HP: 33/33 MP: 3/7
  3114 | D:3      | Noticed Jessica
  3127 | D:3      | Found a deep blue altar of Sif Muna.
  3127 | D:3      | Found a sparkling altar of Nemelex Xobeh.
  3128 | D:3      | Found a hazy altar of Hepliaklqana.
  3156 | D:3      | Found a snail-covered altar of Cheibriados.
  3248 | D:3      | Found a stormy altar of Qazlal.
  3312 | D:3      | Reached XP level 5. HP: 33/38 MP: 2/9
  3567 | D:3      | Noticed Grinder
  3573 | D:3      | Killed Jessica
  3679 | D:3      | Noticed Robin
  3739 | D:2      | Learned a level 4 spell: Sticky Flame
  3745 | D:2      | Killed Robin
  3932 | D:3      | Noticed Ijyb
  3936 | D:3      | Paralysed by Ijyb for 7 turns
  3949 | D:3      | Killed Ijyb
  4422 | D:3      | Noticed Natasha
  4432 | D:3      | Killed Natasha
  4432 | D:3      | Reached XP level 6. HP: 35/45 MP: 1/11
  4662 | D:3      | Noticed Natasha
  4668 | D:3      | Killed Natasha
  4813 | D:3      | Noticed Natasha
  4823 | D:3      | Killed Natasha
  5102 | D:3      | Became a worshipper of Sif Muna the Loreminder
  5288 | D:4      | You fall through a shaft!
  5288 | D:5      | Entered Level 5 of the Dungeon
  5598 | D:5      | Noticed an ice beast
  5901 | D:4      | Reached skill level 5 in Fire Magic
  5901 | D:4      | Your scales start taking on a pale cyan-grey colour.
  5901 | D:4      | Reached XP level 7. HP: 50/50 MP: 0/13
  6024 | D:4      | Reached skill level 5 in Conjurations
  6444 | D:4      | Reached * piety under Sif Muna
  7309 | D:5      | Learned a level 5 spell: Fireball
  7524 | D:5      | Reached XP level 8. HP: 57/57 MP: 8/15
  7573 | D:5      | Reached skill level 5 in Spellcasting
  8137 | D:5      | Found a stormy altar of Qazlal.
  8140 | D:5      | Noticed an air elemental
  8375 | D:6      | Found a white marble altar of Elyvilon.
  8415 | D:6      | Noticed Pikel
  8540 | D:6      | Found a sand-covered staircase.
  8541 | D:6      | Noticed Blork the orc
  8546 | Ossuary  | Entered an ossuary
  8696 | Ossuary  | Reached ** piety under Sif Muna
  9687 | D:6      | Killed Pikel
 10222 | D:6      | Reached *** piety under Sif Muna
 10222 | D:6      | Reached XP level 9. HP: 62/62 MP: 11/18
 10542 | D:2      | Noticed Crazy Yiuf
 10550 | D:2      | Killed Crazy Yiuf
 10920 | D:6      | Found an opulent altar of Gozag.
 10978 | D:6      | Killed Blork the orc
 11399 | D:7      | Found a staircase to the Ecumenical Temple.
 12275 | D:7      | Reached **** piety under Sif Muna
 12671 | D:8      | Reached XP level 10. HP: 49/69 MP: 2/21
 13036 | D:8      | Noticed a two-headed ogre
 13043 | D:8      | Killed a two-headed ogre
 13043 | D:8      | Reached skill level 10 in Fire Magic
 13394 | D:8      | Noticed a two-headed ogre
 13401 | D:8      | Killed a two-headed ogre
 13538 | D:8      | Found a hide-covered altar of Uskayaw.
 13554 | D:8      | Reached ***** piety under Sif Muna
 13722 | D:8      | Noticed a two-headed ogre
 13730 | D:8      | Killed a two-headed ogre
 13730 | D:8      | Identified Sif Muna's Handbook of Confrontation (Sif Muna gifted it to you on level 8 of the Dungeon)
 13730 | D:8      | Received a gift from Sif Muna
 14135 | D:9      | Noticed Maurice
 14144 | D:9      | Killed Maurice
 14378 | D:9      | Reached skill level 10 in Conjurations
 14598 | D:9      | Noticed a two-headed ogre
 15137 | D:9      | Noticed a two-headed ogre
 15142 | D:9      | Killed a two-headed ogre
 15142 | D:9      | Reached skill level 1 in Fighting
 15142 | D:9      | Reached XP level 11. HP: 77/77 MP: 6/24
 15704 | D:9      | Found a glowing golden altar of the Shining One.
 15821 | D:9      | Killed a two-headed ogre
 15928 | D:10     | Entered Level 10 of the Dungeon
 16010 | D:10     | Noticed Amnesiac's ghost (journeyman VSGl)
 16422 | D:10     | Learned a level 4 spell: Throw Icicle
 17223 | D:10     | Found a staircase to the Lair.
 17228 | D:10     | Noticed a deep elf mage
 17231 | D:10     | Killed a deep elf mage
 17598 | D:10     | Noticed a two-headed ogre
 17602 | D:10     | Killed a two-headed ogre
 17632 | D:10     | Killed Amnesiac's ghost
 17844 | D:10     | Identified Yptam's Guide on Lethal Moulding (Sif Muna gifted it to you on level 10 of the Dungeon)
 17844 | D:10     | Received a gift from Sif Muna
 17855 | D:10     | Learned a level 6 spell: Bolt of Fire
 18364 | D:11     | Noticed a red ugly thing
 18774 | D:11     | Found a staircase to the Orcish Mines.
 19569 | D:11     | Noticed a rakshasa
 19744 | Lair:1   | Entered Level 1 of the Lair of Beasts
 20093 | Lair:1   | Noticed an eight-headed hydra
 20097 | Lair:1   | Killed an eight-headed hydra
 20237 | D:10     | Reached skill level 10 in Spellcasting
 20237 | D:10     | Reached XP level 12. HP: 88/93 MP: 10/26
 20496 | Lair:1   | Reached skill level 5 in Fighting
 20673 | Lair:1   | Noticed Tungsten's ghost (journeyman GnWn)
 20991 | Lair:1   | Killed Tungsten's ghost
 21585 | D:10     | Reached skill level 5 in Dodging
 22447 | Lair:2   | Noticed an eight-headed hydra
 22453 | Lair:2   | Killed an eight-headed hydra
 23110 | Lair:2   | Identified Sif Muna's Volume of Slavery and Arcane Weapons (Sif Muna gifted it to you on level 2 of the Lair of Beasts)
 23110 | Lair:2   | Received a gift from Sif Muna
 23205 | Lair:2   | Got a warped whip
 23206 | Lair:2   | Identified the cursed +1 whip of Courage {freeze, Dex+6} (You found it on level 2 of the Lair of Beasts)
 25296 | Lair:3   | Found a staircase to the Shoals.
 25453 | Lair:3   | Noticed Fannar
 25568 | Lair:3   | Killed Fannar
 26285 | Lair:3   | Reached XP level 13. HP: 105/105 MP: 18/27
 27298 | Lair:4   | Learned a level 2 spell: Blink
 27522 | Lair:4   | Reached skill level 1 in Translocations
 27688 | Lair:4   | Found a staircase to the Snake Pit.
 29527 | Lair:5   | Identified Sif Muna's Volume of Shifting Earth (Sif Muna gifted it to you on level 5 of the Lair of Beasts)
 29527 | Lair:5   | Received a gift from Sif Muna
 30045 | Lair:5   | Found a staircase to the Slime Pits.
 30245 | Lair:6   | Entered Level 6 of the Lair of Beasts
 32007 | Lair:6   | Reached XP level 14. HP: 107/118 MP: 0/29
 34047 | Lair:6   | Identified Soat Siffudgh's Grimoire of Aerial Dark Secrets (Sif Muna gifted it to you on level 6 of the Lair of Beasts)
 34047 | Lair:6   | Received a gift from Sif Muna
 34193 | Lair:6   | Learned a level 4 spell: Summon Lightning Spire
 34207 | Lair:6   | Reached skill level 1 in Air Magic
 34706 | D:11     | Reached skill level 10 in Fighting
 36470 | D:12     | Found Femank's Antique Weapon Boutique.
 36476 | D:12     | Bought a slimy quarterstaff for 270 gold pieces
 36476 | D:12     | Bought a fine hand crossbow for 255 gold pieces
 36476 | D:12     | Bought a steaming quarterstaff for 270 gold pieces
 36477 | D:12     | Identified the +9 quarterstaff of Aphiam {pain, *Drain rPois SInv} (You bought it in a shop on level 12 of the Dungeon)
 36483 | D:12     | Identified the +6 hand crossbow of Rehykisith {penet, Int+4} (You bought it in a shop on level 12 of the Dungeon)
 36484 | D:12     | Identified the +10 quarterstaff of Mana {crush, rF+} (You bought it in a shop on level 12 of the Dungeon)
 36641 | D:12     | Found Bene's Antique Armour Emporium.
 36837 | D:13     | Noticed xccam's ghost (journeyman GnWn)
 37439 | D:13     | Reached skill level 1 in Staves
 38229 | D:13     | Reached skill level 5 in Air Magic
 38381 | D:13     | Found Woameox's Antique Weapon Emporium.
 39609 | Orc:1    | Entered Level 1 of the Orcish Mines
 39632 | Orc:1    | Noticed Erica
 39639 | Orc:1    | Killed Erica
 39984 | Orc:1    | Noticed Erolcha
 40005 | Orc:1    | Noticed an orc warlord
 40021 | Orc:1    | Killed an orc warlord
 40021 | Orc:1    | Identified Sif Muna's Reference Book on Attacks and Sinister Rituals (Sif Muna gifted it to you on level 1 of the Orcish Mines)
 40021 | Orc:1    | Received a gift from Sif Muna
 40167 | D:11     | Killed Erolcha
 40345 | Orc:2    | Entered Level 2 of the Orcish Mines
 40349 | Orc:2    | Noticed Azrael
 40768 | Orc:2    | Noticed Sonja
 40901 | Orc:2    | Killed Sonja
 40911 | Orc:1    | Killed Azrael
 41296 | Orc:2    | Reached XP level 15. HP: 128/128 MP: 7/31
 41931 | Orc:2    | Noticed an orc warlord
 42546 | Orc:1    | Killed an orc warlord
 42758 | Orc:2    | Found a staircase to the Elven Halls.
 44237 | Orc:2    | Found Sawk's Armour Shop.
 44237 | Orc:2    | Found Fuxain's Magic Scroll Shop.
 44243 | Orc:2    | Identified Qiturch's Grimoire of Battle Magic (Sif Muna gifted it to you on level 2 of the Orcish Mines)
 44243 | Orc:2    | Received a gift from Sif Muna
 44366 | Orc:2    | Found Mynum's Food Boutique.
 44366 | Orc:2    | Found Soshrur's Jewellery Shop.
 44384 | Orc:2    | Bought the amulet of the Harvest {+Rage MR+ Dex+3} for 883 gold pieces
 44407 | Orc:2    | Learned a level 7 spell: Orb of Destruction
 45193 | D:13     | Bought a polished scimitar for 342 gold pieces
 45197 | D:13     | Identified the +6 scimitar "Kothril" {flame, rElec Int+2} (You bought it in a shop on level 13 of the Dungeon)
 45572 | D:14     | Found a gate to the Vaults.
 48204 | D:15     | Entered Level 15 of the Dungeon
 48235 | D:15     | Found Cureugh's General Store.
 49012 | D:15     | Found the +3 sling "Punk" {acid, rCorr}
 49115 | D:15     | Noticed a tengu reaver
 49260 | D:15     | Received a gift from Sif Muna
 49261 | D:15     | Reached skill level 1 in Long Blades
 49267 | D:15     | Reached skill level 10 in Air Magic
 49966 | D:15     | Found a burning altar of Makhleb.
 49987 | D:15     | Reached XP level 16. HP: 139/139 MP: 33/33
 49996 | D:15     | Killed a tengu reaver
 50133 | D:15     | Found a staircase to the Depths.
 50595 | Snake:1  | Entered Level 1 of the Snake Pit
 50603 | Snake:1  | Reached skill level 1 in Shields
 51492 | Snake:1  | Got a bloodstained spear {flame}
 51494 | Snake:1  | Identified the +8 spear of Guile {flame, rElec Str+2} (You took it off a naga warrior on level 1 of the Snake Pit)
 51767 | Snake:1  | Identified a scroll of acquirement
 51770 | Snake:1  | Got a pair of crude gloves
 51781 | Snake:1  | Identified the +2 pair of gloves of the World {*Contam rElec rPois Str-4} (You acquired it on level 1 of the Snake Pit)
 53182 | Snake:2  | Noticed Aizul
 53189 | Snake:2  | Killed Aizul
 53730 | Snake:2  | Noticed Agnes
 53737 | Snake:2  | Killed Agnes
 54118 | Snake:2  | Noticed Saint Roka
 54383 | Snake:2  | Killed Saint Roka
 57599 | Orc:2    | Bought a ration for 50 gold pieces
 57599 | Orc:2    | Bought a ration for 50 gold pieces
 57599 | Orc:2    | Bought a ration for 50 gold pieces
 57599 | Orc:2    | Bought a ration for 50 gold pieces
 57599 | Orc:2    | Bought a ration for 50 gold pieces
 57599 | Orc:2    | Bought a ration for 50 gold pieces
 57599 | Orc:2    | Bought a ration for 50 gold pieces
 57599 | Orc:2    | Bought a ration for 50 gold pieces
 57599 | Orc:2    | Bought a ration for 50 gold pieces
 57685 | Elf:1    | Entered Level 1 of the Elven Halls
 57719 | Orc:2    | Identified Sif Muna's Reference Book on Combat Magic (Sif Muna gifted it to you on level 2 of the Orcish Mines)
 57719 | Orc:2    | Received a gift from Sif Muna
 58199 | Shoals:1 | Entered Level 1 of the Shoals
 58771 | Shoals:1 | Found Qugu's Armour Boutique.
 59499 | Shoals:2 | Noticed a kraken
 59503 | Shoals:2 | Noticed Nikola
 59632 | Shoals:2 | Noticed Donald
 59641 | Shoals:2 | Killed Donald
 60529 | Shoals:1 | Killed Nikola
 60529 | Shoals:1 | Reached XP level 17. HP: 148/148 MP: 8/34
 60777 | Shoals:2 | Noticed Polyphemus
 61437 | Shoals:2 | Reached skill level 15 in Conjurations
 61835 | Shoals:2 | Noticed a kraken
 61841 | Shoals:2 | Killed a kraken
 61999 | Shoals:2 | Killed Polyphemus
 62397 | Shoals:2 | Killed a kraken
 62852 | Shoals:3 | Noticed Ilsuiw
 63138 | Shoals:3 | Killed Ilsuiw
 63534 | Shoals:3 | Noticed a kraken
 63536 | Shoals:3 | Noticed a kraken
 63990 | Shoals:3 | Noticed a kraken
 65010 | Shoals:3 | Identified Sif Muna's Handbook of Hurtful Stolen Souls (Sif Muna gifted it to you on level 3 of the Shoals)
 65010 | Shoals:3 | Received a gift from Sif Muna
 65169 | Shoals:3 | Learned a level 6 spell: Conjure Ball Lightning
 65184 | Shoals:3 | Killed a kraken
 65184 | Shoals:3 | Killed a kraken
 65587 | Shoals:3 | Reached skill level 5 in Long Blades
 65705 | Shoals:3 | Noticed a kraken
 65964 | Shoals:3 | Killed a kraken
 66012 | Shoals:3 | Killed a kraken
 66210 | Shoals:4 | Entered Level 4 of the Shoals
 66217 | Shoals:4 | Noticed Anon1729's ghost (adept DsFE)
 68106 | Shoals:4 | Reached XP level 18. HP: 132/159 MP: 3/36
 69865 | Shoals:3 | Identified Kuobih's Grimoire of Flying Hexes (Sif Muna gifted it to you on level 3 of the Shoals)
 69865 | Shoals:3 | Received a gift from Sif Muna
 70427 | Shoals:4 | Got a twitching iron amulet
 70430 | Shoals:4 | Identified the amulet "Hico" {Reflect rC+ SH+3 SInv} (You found it on level 4 of the Shoals)
 71496 | Shoals:3 | Got a translucent long sword {flame}
 71497 | Shoals:3 | Identified the +6 long sword "Glorpo" {flame, rElec rN+ MP+9} (You took it off a merfolk on level 3 of the Shoals)
 72042 | Shoals:4 | Got a crystal battleaxe
 72137 | Shoals:4 | Killed Anon1729's ghost
 72495 | Shoals:4 | Got a barnacled rune of Zot
 72523 | Shoals:4 | Identified the +3 battleaxe "Jafecem" {holy, rC+ Int+4} (You found it on level 4 of the Shoals)
 73239 | Snake:3  | Reached skill level 15 in Air Magic
 73247 | Snake:3  | Noticed Vashnia
 74046 | Snake:3  | Killed Vashnia
 74737 | Snake:4  | Entered Level 4 of the Snake Pit
 75083 | Snake:4  | Reached skill level 15 in Spellcasting
 75302 | Snake:4  | Identified Sif Muna's Catalogue of Entrancing Conjuration (Sif Muna gifted it to you on level 4 of the Snake Pit)
 75302 | Snake:4  | Received a gift from Sif Muna
 78282 | Orc:2    | Bought a ration for 50 gold pieces
 78417 | Elf:1    | Found a radiant altar of Vehumet.
 79384 | Elf:1    | Reached XP level 19. HP: 168/168 MP: 38/38
 79944 | Elf:1    | Got a fine great mace {crush}
 79947 | Elf:1    | Identified the +8 great mace of Untruth {crush, *Corrode rElec Dex+2 SInv} (You took it off a deep elf mage on level 1 of the Elven Halls)
 79989 | Elf:1    | Found Weseloixt's Food Emporium.
 80024 | Elf:1    | Found Heazuc's Gadget Shoppe.
 80027 | Elf:1    | Bought a ration for 50 gold pieces
 80027 | Elf:1    | Bought a ration for 50 gold pieces
 80027 | Elf:1    | Bought a ration for 50 gold pieces
 80027 | Elf:1    | Bought a ration for 50 gold pieces
 80027 | Elf:1    | Bought a ration for 50 gold pieces
 80027 | Elf:1    | Bought a ration for 50 gold pieces
 80027 | Elf:1    | Bought a ration for 50 gold pieces
 80027 | Elf:1    | Bought a ration for 50 gold pieces
 80972 | Elf:2    | Learned a level 6 spell: Freezing Cloud
 81283 | Elf:2    | Found a runed gate.
 81283 | Elf:2    | Found a runed gate.
 81284 | Elf:2    | Found a runed gate.
 81664 | Elf:3    | Entered Level 3 of the Elven Halls
 81980 | Elf:3    | Identified Sif Muna's Almanac of Slavery (Sif Muna gifted it to you on level 3 of the Elven Halls)
 81980 | Elf:3    | Received a gift from Sif Muna
 82522 | Elf:3    | Reached skill level 15 in Fighting
 82637 | Elf:3    | Killed from afar by a deep elf high priest

Vault maps used:
D:1:      minmay_arrival_semitransparent
D:2:      first_ration, hex_tiny, st_stairs_7, okawaru_ov_weapons_minmay,
          uniq_crazy_yiuf_cottage
D:3:      nicolae_overflow_crystal_walls, nicolae_overflow_quartered_altars,
          uniq_natasha, uniq_ijyb, uniq_grinder, uniq_jessica, uniq_robin
D:4:      minmay_misc_feat_square, minmay_misc_feat_iff
D:5:      nicolae_qazlal_style_of_elements
D:6:      elyvilon_altar_4, grunt_gozag_breadcrumbs, enter_ossuary_1,
          uniq_blork_the_orc, uniq_pikel
D:7:      minmay_temple_entry_large_hall, minmay_misc_feat_columns
D:8:      eat_drink_and_be_merry_uskayaw
D:9:      tso_oasis_becter, uniq_maurice
D:10:     lair_entry_dummy, hangedman_stone_soup, kennysheep_doodads
D:11:     zombieorc1_lemuel, hangedman_abyss_or_decor_clamps
D:12:     serial_shops, kennysheep_mini_moat, shop_fountains
D:13:     serial_shops, shop
D:14:     wad_mega_maze, erik_vaults_2, grunt_ministairs_14
D:15:     hangedman_depths_entry_try_elsewhere_first, serial_shops, shop,
          serial_glass, glass_columns_a, glass_columns_a, glass_columns_b,
          glass_columns_a, glass_columns_b, minmay_strange_pillars,
          feat_on_display, item_on_display_a, basic_altar, minmay_diamond_spiral
Lair:1:   infiniplex_staircase_pool
Lair:2:   ldierk_geyser, serial_bayou_lagoon_a, minmay_lair_oklob_bushes,
          beast_lair_carwin_6
Lair:3:   elwin_shoals_entry_stream, st_stairs_12, roderic_batcave, uniq_fannar
Lair:4:   minmay_snake_entry_guardpost_small
Lair:5:   dpeg_slime_entry_corner, lemuel_old_faithful
Lair:6:   grunt_lair_end_beastmaster, grunt_megastairs_4,
          infiniplex_staircase_pool_2
Shoals:1: serial_shops, nicolae_shop_window_shopping, st_shoals_ruin
Shoals:2: nicolae_shoals_kraken_intersection, uniq_donald, uniq_nikola,
          uniq_polyphemus
Shoals:3: nicolae_shoals_kraken_party, uniq_ilsuiw
Shoals:4: shoals_end_simple, shoals_ilsuiw_alternative
Snake:1:  uniq_aizul
Snake:2:  spider_trap, uniq_agnes, uniq_saint_roka
Snake:3:  uniq_vashnia
Snake:4:  snake_pit_salamanders_mu
Orc:1:    uniq_erolcha, uniq_erica
Orc:2:    st_orc_pillars, uniq_azrael, uniq_sonja
Elf:1:    eino_elf_arrival_altar, kennysheep_underground_church, hex_large,
          minmay_shoptagon
Elf:3:    elf_hall_gauntlet_narrow
Ossuary:  ossuary_tomb_1

Skill      XL: |  1  2  3  4  5  6  7  8  9 10 11 12 13 14 15 16 17 18 19 |
---------------+----------------------------------------------------------+-----
Conjurations   | 2 3 4 5 7 8 10 11 12 13 14 15 16 | 16.4
Spellcasting   | 3 4 6 7 9 10 11 12 13 14 15 | 15.8
Fire Magic     | 4 5 6 8 9 11 12 13 14 | 14.1
Fighting       | 1 4 7 9 10 11 12 13 14 15 | 15.0
Dodging        | 2 4 6 7 |  7.5
Translocations | 3 |  3.0
Air Magic      | 6 10 12 14 15 16 | 16.0
Staves         | 3 |  3.0
Long Blades    | 1 3 5 7 8 |  8.5
Shields        | 4 |  4.2
Stealth        | |  1.7

Action                   |  1- 3 |  4- 6 |  7- 9 | 10-12 | 13-15 | 16-18 | 19-21 || total
-------------------------+-------+-------+-------+-------+-------+-------+-------++-------
Melee: Club              |    15 |       |       |       |       |       |       ||    15
       Tailslap          |     1 |     2 |    10 |     7 |    27 |    60 |     8 ||   115
       Mace              |     1 |       |       |       |       |       |       ||     1
       Falchion          |       |    26 |    25 |    14 |       |       |       ||    65
       Scimitar          |       |       |       |    24 |    26 |   188 |       ||   238
       Whip              |       |       |       |    15 |    65 |       |       ||    80
       Staff             |       |       |       |       |    17 |     1 |       ||    18
       Quarterstaff      |       |       |       |       |    27 |       |       ||    27
       Long sword        |       |       |       |       |       |   200 |    60 ||   260
Throw: Throwing net      |       |       |       |       |     2 |     1 |       ||     3
 Cast: Flame Tongue      |    53 |    70 |   219 |   493 |   501 |   147 |     2 ||  1485
       Throw Flame       |    27 |    41 |    55 |    57 |    24 |    11 |       ||   215
       Sticky Flame      |       |     6 |    13 |    76 |   102 |    79 |     5 ||   281
       Conjure Flame     |       |     1 |     8 |     7 |     1 |       |       ||    17
       Fireball          |       |       |     3 |    71 |   257 |   395 |    54 ||   780
       Bolt of Fire      |       |       |       |    16 |    96 |    45 |       ||   157
       Throw Icicle      |       |       |       |     4 |    22 |    56 |    25 ||   107
       Summon Lightning  |       |       |       |       |    48 |   111 |    20 ||   179
       Blink             |       |       |       |       |    13 |    22 |     3 ||    38
       Orb of Destructio |       |       |       |       |     9 |    36 |    12 ||    57
       Conjure Ball Ligh |       |       |       |       |       |    15 |     5 ||    20
       Freezing Cloud    |       |       |       |       |       |       |     4 ||     4
Invok: Divine Energy     |       |       |     1 |       |       |       |       ||     1
       Forget Spell      |       |       |       |       |       |       |     1 ||     1
Evoke: Wand              |       |       |       |       |     1 |       |       ||     1
  Use: Scroll            |     1 |     5 |    10 |     7 |    13 |    23 |     4 ||    63
       Potion            |       |       |       |     4 |     2 |    19 |       ||    25
 Stab: Distracted        |       |       |       |       |     1 |     8 |     2 ||    11
       Sleeping          |       |       |       |       |       |       |     1 ||     1
  Eat: Chunk             |     5 |     6 |     6 |    38 |    84 |    69 |    18 ||   226
       Ration            |     1 |     2 |     5 |    10 |    19 |    26 |     1 ||    64
Armor: Skin              |    32 |    28 |    51 |   109 |   139 |   291 |    22 ||   672
Dodge: Dodged            |    52 |    34 |   101 |   267 |   520 |   771 |    62 ||  1807
Block: Buckler           |       |       |       |       |       |   290 |    28 ||   318
       Reflection        |       |       |       |       |       |    20 |     1 ||    21
       Rpst.: Falchion   |       |     9 |    34 |    26 |       |       |       ||    69
       Scimitar          |       |       |       |    32 |     9 |    88 |       ||   129
       Long sword        |       |       |       |       |       |    45 |    13 ||    58

Table legend:
 A = Spawn XP
 B = Non-spawn XP
 C = Spawn XP percentage of total XP
 D = Spawn monster count
 E = Non-spawn monster count
 F = Spawn count percentage of total count
 G = Total turns spent on level
                    A         B        C        D         E        F      G
               +---------+---------+-------+---------+---------+-------+---------
         Total |       0 |  417825 |   0.0 |       0 |    1316 |   0.0 | 82637
               +---------+---------+-------+---------+---------+-------+---------
           D:1 |       0 |      64 |   0.0 |       0 |      27 |   0.0 |  1472
           D:2 |       0 |     115 |   0.0 |       0 |      31 |   0.0 |  2183
           D:3 |       0 |     348 |   0.0 |       0 |      29 |   0.0 |  1713
           D:4 |       0 |     490 |   0.0 |       0 |      14 |   0.0 |  1572
           D:5 |       0 |     986 |   0.0 |       0 |      18 |   0.0 |  1780
           D:6 |       0 |    1628 |   0.0 |       0 |      11 |   0.0 |  1447
           D:7 |       0 |    1082 |   0.0 |       0 |      22 |   0.0 |  1244
           D:8 |       0 |    4397 |   0.0 |       0 |      31 |   0.0 |  1990
           D:9 |       0 |    3737 |   0.0 |       0 |      27 |   0.0 |  1985
          D:10 |       0 |    6713 |   0.0 |       0 |      46 |   0.0 |  3395
          D:11 |       0 |    5735 |   0.0 |       0 |      50 |   0.0 |  2832
          D:12 |       0 |    4706 |   0.0 |       0 |      31 |   0.0 |  2463
          D:13 |       0 |    9785 |   0.0 |       0 |      42 |   0.0 |  1710
          D:14 |       0 |   23087 |   0.0 |       0 |      67 |   0.0 |  3152
          D:15 |       0 |   13747 |   0.0 |       0 |      29 |   0.0 |  1952
        Lair:1 |       0 |    4694 |   0.0 |       0 |      17 |   0.0 |  1787
        Lair:2 |       0 |    8183 |   0.0 |       0 |      32 |   0.0 |  2494
        Lair:3 |       0 |    5824 |   0.0 |       0 |      29 |   0.0 |  2530
        Lair:4 |       0 |    7008 |   0.0 |       0 |      29 |   0.0 |  2265
        Lair:5 |       0 |    8694 |   0.0 |       0 |      29 |   0.0 |  2571
        Lair:6 |       0 |   22707 |   0.0 |       0 |      59 |   0.0 |  3028
      Shoals:1 |       0 |   14755 |   0.0 |       0 |      22 |   0.0 |  3020
      Shoals:2 |       0 |   16219 |   0.0 |       0 |      20 |   0.0 |  3181
      Shoals:3 |       0 |   46383 |   0.0 |       0 |      74 |   0.0 |  5637
      Shoals:4 |       0 |   45241 |   0.0 |       0 |      81 |   0.0 |  2735
       Snake:1 |       0 |    7488 |   0.0 |       0 |      14 |   0.0 |  1249
       Snake:2 |       0 |   24804 |   0.0 |       0 |      46 |   0.0 |  5258
       Snake:3 |       0 |   25927 |   0.0 |       0 |      56 |   0.0 |  2211
       Snake:4 |       0 |   27192 |   0.0 |       0 |      54 |   0.0 |  2531
         Orc:1 |       0 |    9908 |   0.0 |       0 |      59 |   0.0 |  2832
         Orc:2 |       0 |   16084 |   0.0 |       0 |     100 |   0.0 |  3779
         Elf:1 |       0 |   20465 |   0.0 |       0 |      38 |   0.0 |  1317
         Elf:2 |       0 |   21658 |   0.0 |       0 |      33 |   0.0 |  1266
         Elf:3 |       0 |    7712 |   0.0 |       0 |      12 |   0.0 |   973
       Ossuary |       0 |     259 |   0.0 |       0 |      37 |   0.0 |  1083
               +---------+---------+-------+---------+---------+-------+---------
